 Dungeon Crawl Stone Soup version 0.32-a0-17-gb74e046682 (webtiles) character file.

Game seed: 3568608777971225128

3094 uglyjohn the Fanfare of Bloodshed (level 9, -9/75 HPs)
             Began as a Hill Orc Monk on Aug 25, 2022.
             Was a Believer of Makhleb.
             Mangled by a sun demon (15 damage)
             ... on level 8 of the Dungeon on Jan 15, 2024.
             The game lasted 00:23:47 (8461 turns).

uglyjohn the Fanfare of Bloodshed (Hill Orc Monk)   Turns: 8461, Time: 00:23:47

Health: -9/75      AC: 23    Str: 16    XL:     9   Next: 90%
Magic:  17/17      EV:  8    Int: 12    God:    Makhleb [**....]
Gold:   434        SH:  0    Dex: 13    Spells: 8/8 levels left

rFire   . . .        a - +1 hand axe
rCold   . . .        (no shield)
rNeg    + + .        h - +4 chain mail {rN+}
rPois   .            w - +0 helmet
rElec   .            m - +2 cloak
rCorr   .            k - +2 pair of gloves
SInv    .            s - +0 pair of boots
Will    .....        (no amulet) Stlth
                     q - ring of positive energy
HPRegen 0.32/turn    (no ring)
MPRegen 0.15/turn

%: no passive effects
@: no status effects
A: no striking features
a: Renounce Religion, Minor Destruction


You were on level 8 of the Dungeon.
You worshipped Makhleb.
Makhleb was pleased with you.
You visited 2 branches of the dungeon, and saw 10 of its levels.

You collected 434 gold pieces.

Inventory:

Hand Weapons
 a - a +1 hand axe (weapon)
 A - a +0 battleaxe
Armour
 h - a +4 chain mail of positive energy (worn)
 k - a +2 pair of gloves (worn)
 m - a +2 cloak (worn)
 s - a +0 pair of boots (worn)
 w - a +0 helmet (worn)
Jewellery
 q - a ring of positive energy (left hand)
 x - an amulet of reflection
 z - a ring of flight
Wands
 t - a wand of flame (39)
 u - a wand of iceblast (6)
Scrolls
 f - 3 scrolls of teleportation
 g - a scroll of enchant armour {unknown}
 n - 4 scrolls of enchant weapon
 p - 2 scrolls of amnesia
 r - 2 scrolls of vulnerability
 v - a scroll of fog {unknown}
 y - a scroll of identify
Potions
 b - a potion of might
 c - a potion of ambrosia
 d - a potion of resistance
 e - a potion of degeneration {unknown}
 i - a potion of attraction {unknown}
 j - 2 potions of curing
 l - a potion of haste {unknown}
 o - a potion of mutation {unknown}


   Skills:
 - Level 6.0 Fighting
 - Level 10.2 Axes
 - Level 6.3 Armour
 - Level 2.4 Dodging
 - Level 1.5 Stealth
 + Level 11.4 Invocations


You had 8 spell levels left.
You didn't know any spells.
Your spell library contained the following spells:

 Spells                   Type           Power      Damage    Failure   Level
 Apportation              Tloc           0%         N/A       97%         1
 Necrotise                Necr           0%         1d4       97%         1
 Sting                    Conj/Alch      0%         1d3       97%         1
 Summon Small Mammal      Summ           0%         N/A       97%         1
 Blink                    Tloc           0%         N/A       99%         2
 Jinxbite                 Hex            0%         N/A       99%         2
 Lesser Beckoning         Tloc           0%         N/A       99%         2
 Momentum Strike          Conj/Tloc      0%         3d8       99%         2
 Ozocubu's Armour         Ice            0%         N/A       100%        3
 Summon Ice Beast         Ice/Summ       0%         N/A       100%        3
 Alistair's Intoxication  Alch           0%         N/A       100%        5
 Metabolic Englaciation   Hex/Ice        0%         N/A       100%        5
 Summon Mana Viper        Hex/Summ       0%         N/A       100%        5
 Sculpt Simulacrum        Ice/Alch       0%         N/A       100%        6
 Monstrous Menagerie      Summ           0%         N/A       100%        7


Dungeon Overview and Level Annotations

Branches:
Dungeon (9/15)             Temple (1/1) D:5
   Lair: D:8-11         Orc: D:9-12

Altars:
Ashenzari
Cheibriados
Dithmenos
Elyvilon
Fedhas
Gozag
Hepliaklqana
Kikubaaqudgha
Makhleb
Nemelex Xobeh
Okawaru
Qazlal
Ru
Sif Muna
Trog
Uskayaw
Vehumet
Wu Jian
Xom
Yredelemnul
Zin
The Shining One

Shops:
D:7 (

Annotations:
D:7 2 transporters, nocore's ghost, novice DrSh


Message History

Press: ? - help, v - describe, . - travel
Here: a sun demon The floor.
Unknown command.
The glob of acid hits the sun demon!
The acid corrodes the sun demon!
The sun demon is moderately wounded.
The stone arrow hits the sun demon!
The sun demon is heavily wounded.
The puff of flame hits the sun demon but does no damage.
The sun demon is heavily wounded.
The sun demon hits you!!
You are engulfed in flames!!
A rust devil comes into view.
You are too injured to fight recklessly!
Unknown command.
There is a stone staircase leading up here.
Unknown command.
The rust devil screeches!
The sun demon hits you!
* * * LOW HITPOINT WARNING * * *
You are engulfed in flames!
* * * LOW HITPOINT WARNING * * *
You climb upwards.
There is a stone staircase leading down here.
Unknown command.
Aiming: Iceblast
Press: ? - help, Shift-Dir - straight line The mass of ice explodes!
The iceblast engulfs the sun demon!
The sun demon is frozen!
The sun demon is severely wounded.
The sun demon hits you but does no damage. x2
Unknown command.
Aiming: Iceblast
Press: ? - help, Shift-Dir - straight line The mass of ice explodes!
The iceblast engulfs the sun demon!
The sun demon is frozen!
The sun demon is almost dead.
The sun demon hits you.
* * * LOW HITPOINT WARNING * * *
You are engulfed in flames!
You die...

............# #.#
............# #.#
............# #†#
............####.########
........................#
........................#
........................#
.................[......#
................@.......#
.................3......#
........................#
...................)....#
............####.########
............# #.#
............# #.#
............# #.#
............# #.# #######


You could see a sun demon (corroded).

Vanquished Creatures
  An ugly thing (D:7)
  Grinder (D:3)
  A wyvern (D:8)
  A steam dragon (D:7)
  Duvessa (D:6)
  A sky beast (D:6)
  A black bear (D:7)
  2 orc warriors
  An ogre (D:5)
  A kobold brigand (D:7)
  A phantom (Temple)
  3 bullfrogs
  2 scorpions
  4 wights (D:8)
  Dowan (D:6)
  2 howler monkeys (D:4)
  A lava snake (D:7)
  4 hounds
  2 jellies (D:5)
  2 bombardier beetles
  Crazy Yiuf (D:3)
  5 orc priests
  3 iguanas
  8 orc wizards
  3 gnolls (D:3)
  5 adders
  A shadow imp (D:6)
  A white imp (D:5)
  2 adder zombies (D:3)
  2 ribbon worms
  2 dart slugs
  19 orcs
  10 bats
  6 endoplasms
  2 giant cockroaches
  4 goblins
  11 hobgoblins
  9 kobolds
  4 quokkas
  8 ball pythons
  5 frilled lizards
  3 rats
147 creatures vanquished.

Notes
Turn   | Place    | Note
-------+----------+-------------------------------------------
     0 | D:1      | uglyjohn the Hill Orc Monk began the quest for the Orb.
     0 | D:1      | Reached XP level 1. HP: 19/19 MP: 1/1
   138 | D:1      | Reached skill level 1 in Armour
   138 | D:1      | Reached XP level 2. HP: 26/26 MP: 2/2
   740 | D:1      | Found a faded altar of an unknown god.
   958 | D:1      | Reached XP level 3. HP: 31/31 MP: 3/3
  1303 | D:2      | Reached skill level 5 in Axes
  2028 | D:3      | Reached XP level 4. HP: 32/39 MP: 4/4
  2188 | D:3      | Noticed Grinder
  2192 | D:3      | Paralysed by Grinder for 3 turns
  2434 | D:3      | HP: 1/39 [gnoll/+0 flail (6)]
  2880 | D:3      | Reached XP level 5. HP: 45/45 MP: 5/5
  2885 | D:3      | Found a basalt altar of Yredelemnul.
  3044 | D:3      | Upgraded the game from 0.30-a0-23-ge60ba3568b to
                  | 0.32-a0-17-gb74e046682
  3060 | D:3      | Paralysed by Grinder for 3 turns
  3066 | D:3      | Paralysed by Grinder for 3 turns
  3079 | D:3      | Paralysed by Grinder for 5 turns
  3084 | D:3      | Killed Grinder
  3085 | D:3      | Reached XP level 6. HP: 22/51 MP: 6/6
  3355 | D:3      | Found a runed translucent door.
  3356 | D:3      | Noticed Crazy Yiuf
  3371 | D:3      | Killed Crazy Yiuf
  4011 | D:4      | Reached skill level 5 in Armour
  4011 | D:4      | Reached XP level 7. HP: 52/59 MP: 7/7
  4385 | D:5      | Entered Level 5 of the Dungeon
  4491 | D:5      | You fall into a shaft and drop 2 floors!
  4507 | D:7      | Found a broken altar of Ashenzari.
  4527 | D:7      | Noticed a brown ugly thing
  4561 | D:7      | Found a transporter.
  4743 | D:7      | Killed a brown ugly thing
  4744 | D:7      | Reached skill level 5 in Fighting
  4744 | D:7      | Reached XP level 8. HP: 49/68 MP: 8/8
  5475 | D:5      | Reached skill level 10 in Axes
  5526 | D:5      | Found a staircase to the Ecumenical Temple.
  5533 | Temple   | Entered the Ecumenical Temple
  5557 | Temple   | Became a worshipper of Makhleb the Destroyer
  5557 | Temple   | Reached * piety under Makhleb
  5557 | Temple   | Reached ** piety under Makhleb
  5588 | D:5      | Reached skill level 2 in Invocations
  5912 | D:5      | Reached skill level 3 in Invocations
  6159 | D:6      | Reached skill level 4 in Invocations
  6267 | D:6      | Reached skill level 5 in Invocations
  6453 | D:6      | Identified the +3 shortbow "Ydicaonao" {drain, rPois rF++
                  | Str-2}
  6488 | D:6      | Reached XP level 9. HP: 74/75 MP: 13/13
  6508 | D:6      | Noticed Duvessa
  6509 | D:6      | Noticed Dowan
  6528 | D:6      | Killed Duvessa
  6529 | D:6      | Reached skill level 6 in Invocations
  6534 | D:6      | Killed Dowan
  6891 | D:7      | Found a hazy altar of Hepliaklqana.
  6976 | D:7      | Reached skill level 7 in Invocations
  7138 | D:7      | Found a transporter.
  7141 | D:7      | Noticed nocore's ghost (novice DrSh)
  7143 | D:7      | Noticed a red ugly thing
  7178 | D:7      | Reached skill level 8 in Invocations
  7315 | D:7      | Found a glowing golden altar of the Shining One.
  7336 | D:7      | Found Ileh's Weapon Emporium.
  7354 | D:7      | Reached skill level 9 in Invocations
  8041 | D:8      | Reached skill level 10 in Invocations
  8407 | D:8      | Reached skill level 11 in Invocations
  8451 | D:9      | Noticed a sun demon
  8456 | D:9      | Noticed a rust devil
  8461 | D:8      | Mangled by a sun demon

Illustrated notes

Levels and vault maps discovered:
D:1:      dpeg_arrival_boxorama, layout_basic, ebering_ecumenical_altar_rust
D:2:      layout_basic, serial_bayou_pond_c, dk_noncrumbling_2
D:3:      layout_rooms, lemuel_zombie_altar_yredelemnul,
          chequers_serial_rivers_room_a, uniq_crazy_yiuf_cottage, uniq_grinder
D:4:      layout_gridville, hangedman_decor_opposing, serial_bayou_pond_a,
          nrook_loot_triangle
D:5:      layout_basic, minmay_temple_entry_tees
D:6:      layout_loops_corners, uniq_duvessa
D:7:      layout_loops_ring, mainiacjoe_overflow_catch_the_wave,
          lemuel_crystal_altar, serial_shops, nicolae_inconvenience_store,
          gammafunk_ghost_arena
D:8:      layout_basic
D:9:      layout_roguey, serial_demonic, serial_demonic_c, serial_demonic_a,
          serial_demonic_d, serial_demonic_a, serial_demonic_g,
          serial_demonic_g, grunt_decor_mini_mirrors,
          hangedman_abyss_or_decor_clamps
Temple:   hc_temple_tempest_star

Skill      XL: |  1  2  3  4  5  6  7  8  9 |
---------------+----------------------------+-----
Armour         | 1 2 3 4 5 6 |  6.3
Axes           | 5 7 9 10 | 10.2
Fighting       | 4 5 6 |  6.0
Invocations    | 5 11 | 11.4
Dodging        | |  2.4
Stealth        | |  1.5

Action                     |  1- 3 |  4- 6 |  7- 9 || total
---------------------------+-------+-------+-------++-------
  Melee: Hand axe          |   133 |   172 |   180 ||   485
         Punch             |       |     2 |       ||     2
 Invoke: Minor Destruction |       |       |   172 ||   172
  Evoke: Wand              |       |       |     2 ||     2
    Use: Scroll            |       |     4 |     4 ||     8
         Potion            |       |     1 |     3 ||     4
   Stab: Sleeping          |     7 |       |       ||     7
 Armour: Robe              |    18 |       |       ||    18
         Scale mail        |    26 |    72 |   127 ||   225
         Chain mail        |       |       |    61 ||    61
  Dodge: Dodged            |    67 |    72 |    82 ||   221

Table legend: (Time is in decaauts)
 A = Elapsed time spent in this place.
 B = Non-inter-level travel time spent in this place.
 C = Inter-level travel time spent in this place.
 D = Time resting spent in this place.
 E = Time spent auto-exploring this place.
 F = Levels seen in this place.
 G = Mean time per level.
                   A        B        C        D        E       F      G
               +--------+--------+--------+--------+--------+-----+--------+
         Total |   8446 |   8203 |    243 |   1762 |   4933 |  10 |  844.6 |
       Dungeon |   8410 |   8167 |    243 |   1762 |   4933 |   9 |  934.4 |
        Temple |     36 |     36 |      0 |      0 |      0 |   1 |   36.0 |
               +--------+--------+--------+--------+--------+-----+--------+

Top non-repeatable levels by time:
     D:2: 1218 daAuts
     D:7: 1216 daAuts
     D:3: 1122 daAuts
     D:6: 1107 daAuts
     D:1: 1097 daAuts
     D:5: 1053 daAuts
     D:4: 959 daAuts
     D:8: 625 daAuts
  Temple: 36 daAuts
     D:9: 9 daAuts
